Login

Aces vs Shitbirds

Created - February 25, 2024 at 12:15

Goals
1 2 3 T
Aces 1 1 0 2
Shitbirds 2 0 1 3
Shots
1 2 3 T
Aces 6 9 10 25
Shitbirds 18 9 9 36

GoalsPenalties
1st period
1. Shitbirds , Kirill Kaprizov 17 (Dylan Larkin 26, Buck Phucksalot 25) at 0:40
2. Shitbirds , Victor Hedman 4 (Kirill Kaprizov 25, Buck Phucksalot 26) at 4:58 (PP)
3. Aces , Jack Hughes 10 (Nick Leddy 13) at 18:45
Erik Cernak (MAL) for Cross-checking (Minor) at 4:28
Erik Cernak (MAL) for Hooking (Minor) at 9:37
Charlie Coyle (MAL) for Tripping (Minor) at 19:35
2nd period
4. Aces , Clayton Keller 16 (Thomas Chabot 20, Jack Hughes 26) at 11:50 (PP)
Seth Jarvis (BEL) for Hooking (Minor) at 1:43
Victor Hedman (BEL) for Hooking (Minor) at 5:28
Logan Couture (BEL) for Hooking (Minor) at 11:10
Thomas Chabot (MAL) for Hooking (Minor) at 15:23
3rd period
5. Shitbirds , Kirill Kaprizov 18 (Charlie McAvoy 19, Vladislav Gavrikov 16) at 7:14
No Penalty
Goalie Stats
Carter Hart (MAL), 33 saves from 36 shots - (0.917), L, 18-26-5, 59:09 minutes
Igor Shesterkin (BEL), 23 saves from 25 shots - (0.920), W, 23-17-4, 60:00 minutes
3 StarsOfficial
1 - Kirill Kaprizov (BEL)
2 - Buck Phucksalot (BEL)
3 - Jack Hughes (MAL)
Referees : Unknown
Linesman : Unknown
Game Note
No Game Note
Finance
Level 1 -- Attendance: 4727 (78.78%) -- Ticket Income $472,700
Level 2 -- Attendance: 3808 (76.16%) -- Ticket Income $228,480
Level 3 -- Attendance: 1484 (74.20%) -- Ticket Income $51,940
Level 4 -- Attendance: 2956 (73.90%) -- Ticket Income $73,900
Luxury Box -- Attendance: 1000 (100.00%) -- Ticket Income $200,000
Game was played at the The Kat Club.
Total Attendance: 13975 (77.64%)
Total Ticket Income: $1,027,020
Other Income: $410,808
Total Income: $1,437,828



Team Name Goals Shots Shots Attemp Shots Blocked PIM HIT PP PK FO%
Aces 22537138161 / 3 (33%)136%
Shitbirds 3367146181 / 4 (25%)164%

Aces
Player Name POS G A P +/- PIM HIT SHT SB MP PP MP PP SHT PK MP PK SHT FO% FOT
Anthony BeauvillierLW000000107:130:0000:0000% 0
Arthur KaliyevLW/RW000-1010114:070:0000:00027% 11
Carter VerhaegheC/LW/RW0000024015:401:4410:00048% 21
Charlie CoyleC/RW0000241015:391:4410:000100% 1
Clayton KellerLW/RW101-1015022:362:5425:35031% 13
Dante FabbroD0001010016:500:0002:3000% 0
Erik CernakD000-2411123:002:2101:5700% 0
Jack HughesC/LW112-1014021:062:5414:05020% 5
Jordan KyrouLW/RW0000002118:302:1202:2200% 4
Lee MackD000-2022525:282:2124:0300% 0
Mikael BacklundC/RW0000001013:190:0000:000100% 1
Nick LeddyD0111021014:400:0000:0000% 0
Paul StastnyC/LW000000009:522:1900:00025% 4
Robby FabbriC/LW0000012013:460:0700:00023% 13
Ross ColtonC/LW000000107:130:0000:00043% 7
Ryan McDonaghD0000000420:442:1702:5600% 0
Thomas ChabotD0110200119:152:1701:2800% 0
Victor OlofssonLW/RW0000000014:310:0000:520100% 3
Shitbirds
Player Name POS G A P +/- PIM HIT SHT SB MP PP MP PP SHT PK MP PK SHT FO% FOT
Buck PhucksalotD0221003125:093:3422:5500% 0
Charlie McAvoyD0110011123:162:5302:0110% 1
Cole PerfettiC/LW000000108:500:0000:00033% 6
Dylan LarkinC0112016019:003:3421:47080% 25
Filip ZadinaLW/RW000000108:500:0000:0000% 0
Hampus LindholmD0000022016:130:0000:2800% 0
Jason RobertsonLW000-1011019:012:5312:51020% 5
Kaiden GuhleD0000031117:230:0000:5000% 0
Kirill KaprizovLW/RW2132025021:003:3402:51056% 9
Logan CoutureC0000202012:320:0000:00077% 13
Matthew BoldyLW/RW000-1052016:102:5310:0000% 2
Oliver BjorkstrandLW/RW0000003012:130:0000:0000% 1
Roope HintzC/LW000-1003017:572:5311:47072% 18
Ryan McLeodLW/RW000001008:500:0000:0000% 0
Seth JarvisC/RW0000201012:120:0000:000100% 1
Troy TerryC/RW0002003018:093:3400:00050% 2
Victor HedmanD1011211119:433:3411:3400% 0
Vladislav GavrikovD0110010018:512:5301:2800% 0

Aces

5 vs 5 Forward
Line #Left WingCenterRight WingPHYDFOFWanted %Time %Time Play
1Jack HughesArthur KaliyevClayton Keller1223028%13:31
2Jordan KyrouCarter VerhaegheCharlie Coyle1222829%13:56
3Victor OlofssonRobby FabbriMikael Backlund1222628%13:19
4Anthony BeauvillierRoss ColtonPaul Stastny1221615%7:13
5 vs 5 Defense
Line #DefenseDefensePHYDFOFWanted %Time %Time Play
1Lee MackErik Cernak1223026%12:42
2Ryan McDonaghThomas Chabot1222832%15:31
3Nick LeddyDante Fabbro1222630%14:20
4Lee MackErik Cernak1221611%5:26
Power Play Forward
Line #Left WingCenterRight WingPHYDFOFWanted %Time %Time Play
1Jack HughesJordan KyrouClayton Keller1225563%2:54
2Jordan KyrouCarter VerhaegheCharlie Coyle1224537%1:44
Power Play Defense
Line #DefenseDefensePHYDFOFWanted %Time %Time Play
1Lee MackErik Cernak1225551%2:21
2Ryan McDonaghThomas Chabot1224549%2:17
Penalty Kill 4 Players Forward
Line #CenterWingPHYDFOFWanted %Time %Time Play
1Clayton KellerJack Hughes1225563%4:05
2Clayton KellerJordan Kyrou1224537%2:22
Penalty Kill 4 Players Defense
Line #DefenseDefensePHYDFOFWanted %Time %Time Play
1Lee MackErik Cernak1225555%3:31
2Ryan McDonaghThomas Chabot1224545%2:56
Penalty Kill 3 Players
Line #WingPHYDFOFWanted %Time %Time PlayDefenseDefensePHYDFOFWanted %Time %Time Play
1Jack Hughes122550%0:00 Lee MackErik Cernak122550%0:00
2Jack Hughes122450%0:00 Ryan McDonaghThomas Chabot122450%0:00
4 vs 4 Forward
Line #CenterWingPHYDFOFWanted %Time %Time Play
1Clayton KellerJack Hughes122550%0:00
2Clayton KellerJordan Kyrou122450%0:00
4 vs 4 Defense
Line #DefensePHYDFOFWanted %Time %Time Play
1Lee MackErik Cernak122550%0:00
2Ryan McDonaghThomas Chabot122450%0:00
Last Minutes Offensive
Left WingCenterRight WingDefenseDefense
Jack HughesArthur KaliyevClayton KellerLee MackErik Cernak
Last Minutes Defensive
Left WingCenterRight WingDefenseDefense
Jack HughesArthur KaliyevClayton KellerLee MackErik Cernak
Time
Total ForwardTotal DefenseLast Minutes OffensiveLast Minutes Defensive
60:00 60:00 0:560:00
Extra Forwards
Normal PowerPlayPenalty Kill
Paul Stastny, Robby Fabbri, Victor OlofssonPaul Stastny, Robby FabbriVictor Olofsson
Extra Defensemen
Normal PowerPlayPenalty Kill
Nick Leddy, Dante Fabbro, Ryan McDonaghNick Leddy, Dante FabbroRyan McDonagh
Penalty Shots
Robby Fabbri, Jack Hughes, Clayton Keller, Jordan Kyrou, Carter Verhaeghe
Goalie
Carter Hart, Philipp Grubauer
Custom OT Lines Forwards
Arthur Kaliyev, Jack Hughes, Clayton Keller, Jordan Kyrou, Carter Verhaeghe, Charlie Coyle, Robby Fabbri, Victor Olofsson, Mikael Backlund, Anthony Beauvillier
Custom OT Lines Defensemen
Lee Mack, Erik Cernak, Ryan McDonagh, Thomas Chabot, Nick Leddy
Scratches
Nathan MacKinnon (Healthy), Chris Driedger (Healthy)

Shitbirds

5 vs 5 Forward
Line #Left WingCenterRight WingPHYDFOFWanted %Time %Time Play
1Kirill KaprizovDylan LarkinTroy Terry1223028%13:39
2Jason RobertsonRoope HintzMatthew Boldy1222828%13:17
3Oliver BjorkstrandLogan CoutureSeth Jarvis1222625%12:13
4Ryan McLeodCole PerfettiFilip Zadina1221618%8:50
5 vs 5 Defense
Line #DefenseDefensePHYDFOFWanted %Time %Time Play
1Buck PhucksalotVictor Hedman1223028%13:40
2Vladislav GavrikovCharlie McAvoy1222830%14:30
3Hampus LindholmKaiden Guhle1222633%15:45
4Buck PhucksalotCharlie McAvoy122168%4:04
Power Play Forward
Line #Left WingCenterRight WingPHYDFOFWanted %Time %Time Play
1Kirill KaprizovDylan LarkinTroy Terry1225555%3:34
2Jason RobertsonRoope HintzMatthew Boldy1224545%2:53
Power Play Defense
Line #DefenseDefensePHYDFOFWanted %Time %Time Play
1Buck PhucksalotVictor Hedman1225555%3:34
2Vladislav GavrikovCharlie McAvoy1224545%2:53
Penalty Kill 4 Players Forward
Line #CenterWingPHYDFOFWanted %Time %Time Play
1Kirill KaprizovJason Robertson1225562%2:51
2Dylan LarkinRoope Hintz1224538%1:47
Penalty Kill 4 Players Defense
Line #DefenseDefensePHYDFOFWanted %Time %Time Play
1Buck PhucksalotVictor Hedman1225573%3:23
2Vladislav GavrikovCharlie McAvoy1224527%1:15
Penalty Kill 3 Players
Line #WingPHYDFOFWanted %Time %Time PlayDefenseDefensePHYDFOFWanted %Time %Time Play
1Kirill Kaprizov122550%0:00 Buck PhucksalotVictor Hedman122550%0:00
2Jason Robertson122450%0:00 Vladislav GavrikovCharlie McAvoy122450%0:00
4 vs 4 Forward
Line #CenterWingPHYDFOFWanted %Time %Time Play
1Kirill KaprizovJason Robertson122550%0:00
2Dylan LarkinRoope Hintz122450%0:00
4 vs 4 Defense
Line #DefensePHYDFOFWanted %Time %Time Play
1Buck PhucksalotVictor Hedman122550%0:00
2Vladislav GavrikovCharlie McAvoy122450%0:00
Last Minutes Offensive
Left WingCenterRight WingDefenseDefense
Kirill KaprizovDylan LarkinTroy TerryBuck PhucksalotVictor Hedman
Last Minutes Defensive
Left WingCenterRight WingDefenseDefense
Kirill KaprizovCharlie McAvoyTroy TerryBuck PhucksalotVictor Hedman
Time
Total ForwardTotal DefenseLast Minutes OffensiveLast Minutes Defensive
60:00 60:00 0:000:56
Extra Forwards
Normal PowerPlayPenalty Kill
Logan Couture, Oliver Bjorkstrand, Cole PerfettiLogan Couture, Oliver BjorkstrandCole Perfetti
Extra Defensemen
Normal PowerPlayPenalty Kill
Hampus Lindholm, Charlie McAvoy, Vladislav GavrikovHampus Lindholm, Charlie McAvoyVladislav Gavrikov
Penalty Shots
Kirill Kaprizov, Jason Robertson, Dylan Larkin, Roope Hintz, Troy Terry
Goalie
Igor Shesterkin, Karel Vejmelka
Custom OT Lines Forwards
Kirill Kaprizov, Jason Robertson, Dylan Larkin, Roope Hintz, Troy Terry, Matthew Boldy, Logan Couture, Oliver Bjorkstrand, Cole Perfetti, Seth Jarvis
Custom OT Lines Defensemen
Buck Phucksalot, Victor Hedman, Vladislav Gavrikov, Kaiden Guhle, Hampus Lindholm
Scratches
Anthony Stolarz (Healthy)


Play-by-Play

1st period


0:01 of 1st period - Dylan Larkin wins face-off versus Arthur Kaliyev in neutral zone.
0:40 of 1st period - Shot by Kirill Kaprizov.
0:40 of 1st period - Goal by Kirill Kaprizov - Aces : 0 - Shitbirds : 1.
0:41 of 1st period - Carter Verhaeghe wins face-off versus Roope Hintz in neutral zone.
1:07 of 1st period - Shot by Charlie Coyle.
1:07 of 1st period - Shot Blocked by Charlie McAvoy.
1:16 of 1st period - Icing by Vladislav Gavrikov.
1:17 of 1st period - Jason Robertson wins face-off versus Robby Fabbri in Shitbirds zone.
1:29 of 1st period - Shot by Roope Hintz.
1:29 of 1st period - Stopped by Carter Hart without a rebound.
1:30 of 1st period - Logan Couture wins face-off versus Ross Colton in Aces zone.
1:48 of 1st period - Shot by Logan Couture.
1:48 of 1st period - Stopped by Carter Hart with a rebound.
1:50 of 1st period - Shot by Oliver Bjorkstrand.
1:50 of 1st period - Shot Misses the Net.
1:52 of 1st period - Shot by Hampus Lindholm.
1:52 of 1st period - Shot Hit the Post.
1:54 of 1st period - Shot by Kaiden Guhle.
1:54 of 1st period - Shot Misses the Net.
1:56 of 1st period - Shot by Oliver Bjorkstrand.
1:56 of 1st period - Stopped by Carter Hart with a rebound.
1:58 of 1st period - Shot by Hampus Lindholm.
1:58 of 1st period - Stopped by Carter Hart with a rebound.
2:00 of 1st period - Shot by Kaiden Guhle.
2:00 of 1st period - Shot Blocked by Lee Mack.
2:02 of 1st period - Shot by Seth Jarvis.
2:02 of 1st period - Shot Misses the Net.
2:04 of 1st period - Shot by Kaiden Guhle.
2:04 of 1st period - Stopped by Carter Hart without a rebound.
2:05 of 1st period - Robby Fabbri wins face-off versus Cole Perfetti in Aces zone.
2:10 of 1st period - Cole Perfetti is hit by Robby Fabbri and loses puck.
2:26 of 1st period - Shot by Filip Zadina.
2:26 of 1st period - Stopped by Carter Hart with a rebound.
2:28 of 1st period - Shot by Buck Phucksalot.
2:28 of 1st period - Shot Misses the Net.
2:44 of 1st period - Shot by Cole Perfetti.
2:44 of 1st period - Stopped by Carter Hart without a rebound.
2:45 of 1st period - Dylan Larkin wins face-off versus Carter Verhaeghe in Aces zone.
2:46 of 1st period - Shot by Kirill Kaprizov.
2:46 of 1st period - Shot Blocked by Thomas Chabot.
3:01 of 1st period - Jordan Kyrou is hit by Hampus Lindholm.
3:03 of 1st period - Shot by Carter Verhaeghe.
3:03 of 1st period - Stopped by Igor Shesterkin without a rebound.
3:04 of 1st period - Logan Couture wins face-off versus Arthur Kaliyev in Shitbirds zone.
3:21 of 1st period - Shot by Clayton Keller.
3:21 of 1st period - Stopped by Igor Shesterkin without a rebound.
3:22 of 1st period - Charlie Coyle wins face-off versus Roope Hintz in Shitbirds zone.
3:35 of 1st period - Shot by Jason Robertson.
3:35 of 1st period - Shot Blocked by Ryan McDonagh.
4:28 of 1st period - Minor Penalty to Erik Cernak for Cross-checking.
4:29 of 1st period - Dylan Larkin wins face-off versus Clayton Keller in Aces zone.
4:56 of 1st period - Shot by Kirill Kaprizov.
4:56 of 1st period - Shot Blocked by Lee Mack.
4:58 of 1st period - Shot by Victor Hedman.
4:58 of 1st period - Goal by Victor Hedman - Aces : 0 - Shitbirds : 2.
4:59 of 1st period - Logan Couture wins face-off versus Robby Fabbri in neutral zone.
5:50 of 1st period - Icing by Erik Cernak.
5:51 of 1st period - Victor Olofsson wins face-off versus Cole Perfetti in Aces zone.
6:00 of 1st period - Lee Mack is hit by Ryan McLeod and loses puck.
7:00 of 1st period - Shot by Troy Terry.
7:00 of 1st period - Stopped by Carter Hart without a rebound.
7:01 of 1st period - Roope Hintz wins face-off versus Ross Colton in Aces zone.
7:22 of 1st period - Icing by Anthony Beauvillier.
7:23 of 1st period - Dylan Larkin wins face-off versus Ross Colton in Aces zone.
7:33 of 1st period - Ryan McDonagh is hit by Kirill Kaprizov and loses puck.
7:44 of 1st period - Shot by Ross Colton.
7:44 of 1st period - Stopped by Igor Shesterkin without a rebound.
7:45 of 1st period - Arthur Kaliyev wins face-off versus Logan Couture in Shitbirds zone.
8:18 of 1st period - Shot by Clayton Keller.
8:18 of 1st period - Stopped by Igor Shesterkin with a rebound.
8:24 of 1st period - Shot by Arthur Kaliyev.
8:24 of 1st period - Shot Blocked by Victor Hedman.
8:37 of 1st period - Off-side.
8:38 of 1st period - Roope Hintz wins face-off versus Carter Verhaeghe in neutral zone.
9:12 of 1st period - Icing by Jason Robertson.
9:13 of 1st period - Roope Hintz wins face-off versus Ross Colton in Shitbirds zone.
9:25 of 1st period - Roope Hintz is hit by Erik Cernak and loses puck.
9:37 of 1st period - Minor Penalty to Erik Cernak for Hooking.
9:38 of 1st period - Dylan Larkin wins face-off versus Clayton Keller in Aces zone.
9:41 of 1st period - Shot by Victor Hedman.
9:41 of 1st period - Shot Misses the Net.
10:21 of 1st period - Shot by Buck Phucksalot.
10:21 of 1st period - Stopped by Carter Hart without a rebound.
10:22 of 1st period - Clayton Keller wins face-off versus Roope Hintz in Aces zone.
10:37 of 1st period - Shot by Jason Robertson.
10:37 of 1st period - Stopped by Carter Hart without a rebound.
10:38 of 1st period - Roope Hintz wins face-off versus Clayton Keller in Aces zone.
12:03 of 1st period - Paul Stastny is hit by Kaiden Guhle and loses puck.
12:43 of 1st period - Ryan McLeod is hit by Charlie Coyle and loses puck.
13:12 of 1st period - Filip Zadina is hit by Charlie Coyle.
13:13 of 1st period - Icing by Filip Zadina.
13:14 of 1st period - Victor Olofsson wins face-off versus Cole Perfetti in Shitbirds zone.
13:35 of 1st period - Shot by Mikael Backlund.
13:35 of 1st period - Stopped by Igor Shesterkin without a rebound.
13:36 of 1st period - Roope Hintz wins face-off versus Arthur Kaliyev in Shitbirds zone.
13:54 of 1st period - Shot by Roope Hintz.
13:54 of 1st period - Shot Misses the Net.
14:05 of 1st period - Off-side.
14:06 of 1st period - Dylan Larkin wins face-off versus Robby Fabbri in neutral zone.
14:14 of 1st period - Off-side.
14:15 of 1st period - Dylan Larkin wins face-off versus Carter Verhaeghe in neutral zone.
14:22 of 1st period - Shot by Kirill Kaprizov.
14:22 of 1st period - Shot Hit the Post.
14:36 of 1st period - Shot by Dylan Larkin.
14:36 of 1st period - Shot Misses the Net.
14:38 of 1st period - Shot by Buck Phucksalot.
14:38 of 1st period - Stopped by Carter Hart without a rebound.
14:39 of 1st period - Arthur Kaliyev wins face-off versus Roope Hintz in Aces zone.
14:39 of 1st period - Arthur Kaliyev is hit by Matthew Boldy.
14:48 of 1st period - Lee Mack is hit by Kaiden Guhle and loses puck.
15:06 of 1st period - Kaiden Guhle is hit by Lee Mack and loses puck.
15:20 of 1st period - Shot by Jason Robertson.
15:20 of 1st period - Shot Misses the Net.
15:48 of 1st period - Shot by Kirill Kaprizov.
15:48 of 1st period - Stopped by Carter Hart with a rebound.
15:54 of 1st period - Shot by Kirill Kaprizov.
15:54 of 1st period - Stopped by Carter Hart with a rebound.
17:56 of 1st period - Shot by Cole Perfetti.
17:56 of 1st period - Shot Misses the Net.
18:07 of 1st period - Icing by Vladislav Gavrikov.
18:08 of 1st period - Roope Hintz wins face-off versus Arthur Kaliyev in Shitbirds zone.
18:27 of 1st period - Shot by Matthew Boldy.
18:27 of 1st period - Stopped by Carter Hart with a rebound.
18:45 of 1st period - Shot by Jack Hughes.
18:45 of 1st period - Goal by Jack Hughes - Aces : 1 - Shitbirds : 2.
18:46 of 1st period - Dylan Larkin wins face-off versus Robby Fabbri in neutral zone.
18:55 of 1st period - Shot by Kirill Kaprizov.
18:55 of 1st period - Stopped by Carter Hart with a rebound.
18:57 of 1st period - Shot by Dylan Larkin.
18:57 of 1st period - Stopped by Carter Hart without a rebound.
18:58 of 1st period - Logan Couture wins face-off versus Carter Verhaeghe in Aces zone.
19:04 of 1st period - Icing by Thomas Chabot.
19:05 of 1st period - Dylan Larkin wins face-off versus Carter Verhaeghe in Aces zone.
19:35 of 1st period - Minor Penalty to Charlie Coyle for Tripping.
19:36 of 1st period - Roope Hintz wins face-off versus Clayton Keller in Aces zone.
Goals for this period are 1 for Aces vs 2 for Shitbirds.
Shots for this period are 6 for Aces vs 18 for Shitbirds.

2nd period


0:01 of 2nd period - Dylan Larkin wins face-off versus Clayton Keller in neutral zone.
0:39 of 2nd period - Icing by Buck Phucksalot.
0:40 of 2nd period - Dylan Larkin wins face-off versus Jack Hughes in Shitbirds zone.
0:40 of 2nd period - Dylan Larkin is hit by Jack Hughes.
0:48 of 2nd period - Shot by Victor Hedman.
0:48 of 2nd period - Shot Blocked by Ryan McDonagh.
0:50 of 2nd period - Shot by Buck Phucksalot.
0:50 of 2nd period - Shot Misses the Net.
0:52 of 2nd period - Shot by Dylan Larkin.
0:52 of 2nd period - Stopped by Carter Hart without a rebound.
0:53 of 2nd period - Clayton Keller wins face-off versus Jason Robertson in Aces zone.
0:53 of 2nd period - Lee Mack is hit by Matthew Boldy and loses puck.
1:20 of 2nd period - Shot by Jason Robertson.
1:20 of 2nd period - Shot Blocked by Erik Cernak.
1:22 of 2nd period - Shot by Vladislav Gavrikov.
1:22 of 2nd period - Shot Blocked by Jordan Kyrou.
1:43 of 2nd period - Minor Penalty to Seth Jarvis for Hooking.
1:44 of 2nd period - Carter Verhaeghe wins face-off versus Jason Robertson in Shitbirds zone.
1:45 of 2nd period - Shot by Charlie Coyle.
1:45 of 2nd period - Stopped by Igor Shesterkin without a rebound.
1:46 of 2nd period - Carter Verhaeghe wins face-off versus Kirill Kaprizov in Shitbirds zone.
1:47 of 2nd period - Shot by Jordan Kyrou.
1:47 of 2nd period - Deflect By Carter Verhaeghe.
1:47 of 2nd period - Stopped by Igor Shesterkin without a rebound.
1:48 of 2nd period - Kirill Kaprizov wins face-off versus Carter Verhaeghe in Shitbirds zone.
2:15 of 2nd period - Icing by Ryan McDonagh.
2:16 of 2nd period - Carter Verhaeghe wins face-off versus Kirill Kaprizov in Aces zone.
2:31 of 2nd period - Shot by Carter Verhaeghe.
2:31 of 2nd period - Shot Blocked by Buck Phucksalot.
2:55 of 2nd period - Shot by Lee Mack.
2:55 of 2nd period - Stopped by Igor Shesterkin without a rebound.
2:56 of 2nd period - Clayton Keller wins face-off versus Kirill Kaprizov in Shitbirds zone.
3:14 of 2nd period - Icing by Lee Mack.
3:15 of 2nd period - Paul Stastny wins face-off versus Dylan Larkin in Aces zone.
3:15 of 2nd period - Paul Stastny is hit by Dylan Larkin.
3:25 of 2nd period - Shot by Lee Mack.
3:25 of 2nd period - Shot Misses the Net.
5:13 of 2nd period - Shot by Ryan McLeod.
5:13 of 2nd period - Shot Misses the Net.
5:19 of 2nd period - Shot by Vladislav Gavrikov.
5:19 of 2nd period - Shot Misses the Net.
5:28 of 2nd period - Minor Penalty to Victor Hedman for Hooking.
5:29 of 2nd period - Kirill Kaprizov wins face-off versus Paul Stastny in Shitbirds zone.
5:37 of 2nd period - Clayton Keller is hit by Kirill Kaprizov and loses puck.
5:43 of 2nd period - Lee Mack is hit by Jason Robertson and loses puck.
5:48 of 2nd period - Shot by Erik Cernak.
5:48 of 2nd period - Shot Misses the Net.
5:50 of 2nd period - Shot by Lee Mack.
5:50 of 2nd period - Stopped by Igor Shesterkin without a rebound.
5:51 of 2nd period - Kirill Kaprizov wins face-off versus Jordan Kyrou in Shitbirds zone.
6:04 of 2nd period - Shot by Kirill Kaprizov.
6:04 of 2nd period - Shot Blocked by Lee Mack.
6:06 of 2nd period - Shot by Charlie McAvoy.
6:06 of 2nd period - Stopped by Carter Hart without a rebound.
6:07 of 2nd period - Dylan Larkin wins face-off versus Jordan Kyrou in Aces zone.
6:36 of 2nd period - Shot by Jack Hughes.
6:36 of 2nd period - Deflect By Clayton Keller.
6:36 of 2nd period - Stopped by Igor Shesterkin without a rebound.
6:37 of 2nd period - Carter Verhaeghe wins face-off versus Kirill Kaprizov in Shitbirds zone.
7:31 of 2nd period - Off-side.
7:32 of 2nd period - Logan Couture wins face-off versus Robby Fabbri in neutral zone.
8:04 of 2nd period - Logan Couture is hit by Nick Leddy.
8:49 of 2nd period - Shot by Hampus Lindholm.
8:49 of 2nd period - Shot Misses the Net.
8:51 of 2nd period - Shot by Filip Zadina.
8:51 of 2nd period - Shot Blocked by Ryan McDonagh.
8:53 of 2nd period - Shot by Cole Perfetti.
8:53 of 2nd period - Shot Blocked by Ryan McDonagh.
10:19 of 2nd period - Shot by Roope Hintz.
10:19 of 2nd period - Shot Misses the Net.
11:10 of 2nd period - Minor Penalty to Logan Couture for Hooking.
11:11 of 2nd period - Kirill Kaprizov wins face-off versus Jack Hughes in Shitbirds zone.
11:24 of 2nd period - Shot by Jack Hughes.
11:24 of 2nd period - Stopped by Igor Shesterkin without a rebound.
11:25 of 2nd period - Kirill Kaprizov wins face-off versus Jordan Kyrou in Shitbirds zone.
11:50 of 2nd period - Shot by Clayton Keller.
11:50 of 2nd period - Goal by Clayton Keller - Aces : 2 - Shitbirds : 2.
11:51 of 2nd period - Ross Colton wins face-off versus Cole Perfetti in neutral zone.
12:15 of 2nd period - Off-side.
12:16 of 2nd period - Robby Fabbri wins face-off versus Dylan Larkin in neutral zone.
12:33 of 2nd period - Shot by Robby Fabbri.
12:33 of 2nd period - Stopped by Igor Shesterkin without a rebound.
12:34 of 2nd period - Roope Hintz wins face-off versus Arthur Kaliyev in Shitbirds zone.
12:51 of 2nd period - Shot by Arthur Kaliyev.
12:51 of 2nd period - Shot Misses the Net.
13:49 of 2nd period - Shot by Dylan Larkin.
13:49 of 2nd period - Stopped by Carter Hart with a rebound.
13:51 of 2nd period - Shot by Hampus Lindholm.
13:51 of 2nd period - Stopped by Carter Hart without a rebound.
13:52 of 2nd period - Logan Couture wins face-off versus Robby Fabbri in Aces zone.
14:17 of 2nd period - Shot by Logan Couture.
14:17 of 2nd period - Shot Misses the Net.
14:52 of 2nd period - Shot by Anthony Beauvillier.
14:52 of 2nd period - Shot Hit the Post.
15:08 of 2nd period - Shot by Anthony Beauvillier.
15:08 of 2nd period - Shot Misses the Net.
15:10 of 2nd period - Shot by Erik Cernak.
15:10 of 2nd period - Shot Misses the Net.
15:12 of 2nd period - Shot by Lee Mack.
15:12 of 2nd period - Shot Misses the Net.
15:14 of 2nd period - Shot by Lee Mack.
15:14 of 2nd period - Shot Blocked by Kaiden Guhle.
15:23 of 2nd period - Minor Penalty to Thomas Chabot for Hooking.
15:24 of 2nd period - Jack Hughes wins face-off versus Troy Terry in Aces zone.
15:51 of 2nd period - Shot by Dylan Larkin.
15:51 of 2nd period - Stopped by Carter Hart without a rebound.
15:52 of 2nd period - Roope Hintz wins face-off versus Clayton Keller in Aces zone.
16:30 of 2nd period - Shot by Matthew Boldy.
16:30 of 2nd period - Stopped by Carter Hart without a rebound.
16:31 of 2nd period - Victor Olofsson wins face-off versus Dylan Larkin in Aces zone.
16:55 of 2nd period - Shot by Buck Phucksalot.
16:55 of 2nd period - Stopped by Carter Hart without a rebound.
16:56 of 2nd period - Clayton Keller wins face-off versus Matthew Boldy in Aces zone.
17:13 of 2nd period - Shot by Roope Hintz.
17:13 of 2nd period - Stopped by Carter Hart without a rebound.
17:14 of 2nd period - Dylan Larkin wins face-off versus Clayton Keller in Aces zone.
17:30 of 2nd period - Shot by Charlie Coyle.
17:30 of 2nd period - Shot Misses the Net.
17:47 of 2nd period - Hampus Lindholm is hit by Dante Fabbro and loses puck.
18:35 of 2nd period - Shot by Robby Fabbri.
18:35 of 2nd period - Stopped by Igor Shesterkin without a rebound.
18:36 of 2nd period - Roope Hintz wins face-off versus Clayton Keller in Shitbirds zone.
19:51 of 2nd period - Off-side.
19:52 of 2nd period - Logan Couture wins face-off versus Carter Verhaeghe in neutral zone.
19:59 of 2nd period - Shot by Seth Jarvis.
19:59 of 2nd period - Stopped by Carter Hart without a rebound.
Goals for this period are 1 for Aces vs 0 for Shitbirds.
Shots for this period are 9 for Aces vs 9 for Shitbirds.

3rd period


0:01 of 3rd period - Dylan Larkin wins face-off versus Jack Hughes in neutral zone.
0:07 of 3rd period - Shot by Troy Terry.
0:07 of 3rd period - Stopped by Carter Hart with a rebound.
0:09 of 3rd period - Shot by Kirill Kaprizov.
0:09 of 3rd period - Deflect By Troy Terry.
0:09 of 3rd period - Stopped by Carter Hart without a rebound.
0:10 of 3rd period - Carter Verhaeghe wins face-off versus Jason Robertson in Aces zone.
0:10 of 3rd period - Carter Verhaeghe is hit by Matthew Boldy.
0:27 of 3rd period - Shot by Jordan Kyrou.
0:27 of 3rd period - Stopped by Igor Shesterkin without a rebound.
0:28 of 3rd period - Dylan Larkin wins face-off versus Jack Hughes in Shitbirds zone.
0:28 of 3rd period - Dylan Larkin is hit by Clayton Keller.
0:31 of 3rd period - Icing by Victor Hedman.
0:32 of 3rd period - Dylan Larkin wins face-off versus Clayton Keller in Shitbirds zone.
0:39 of 3rd period - Shot by Arthur Kaliyev.
0:39 of 3rd period - Deflect By Jack Hughes.
0:39 of 3rd period - Stopped by Igor Shesterkin without a rebound.
0:40 of 3rd period - Dylan Larkin wins face-off versus Arthur Kaliyev in Shitbirds zone.
0:40 of 3rd period - Dylan Larkin is hit by Arthur Kaliyev.
1:05 of 3rd period - Kirill Kaprizov is hit by Lee Mack and loses puck.
1:10 of 3rd period - Shot by Kirill Kaprizov.
1:10 of 3rd period - Shot Blocked by Lee Mack.
1:55 of 3rd period - Victor Olofsson is hit by Matthew Boldy and loses puck.
2:03 of 3rd period - Icing by Ryan McDonagh.
2:04 of 3rd period - Logan Couture wins face-off versus Robby Fabbri in Aces zone.
2:13 of 3rd period - Shot by Oliver Bjorkstrand.
2:13 of 3rd period - Stopped by Carter Hart without a rebound.
2:14 of 3rd period - Cole Perfetti wins face-off versus Carter Verhaeghe in Aces zone.
2:35 of 3rd period - Shot by Carter Verhaeghe.
2:35 of 3rd period - Stopped by Igor Shesterkin without a rebound.
2:36 of 3rd period - Troy Terry wins face-off versus Robby Fabbri in Shitbirds zone.
2:38 of 3rd period - Icing by Kirill Kaprizov.
2:39 of 3rd period - Mikael Backlund wins face-off versus Dylan Larkin in Shitbirds zone.
2:39 of 3rd period - Mikael Backlund is hit by Charlie McAvoy.
4:14 of 3rd period - Icing by Kaiden Guhle.
4:15 of 3rd period - Carter Verhaeghe wins face-off versus Roope Hintz in Shitbirds zone.
4:38 of 3rd period - Roope Hintz is hit by Carter Verhaeghe and loses puck.
5:56 of 3rd period - Shot by Dylan Larkin.
5:56 of 3rd period - Stopped by Carter Hart without a rebound.
5:57 of 3rd period - Cole Perfetti wins face-off versus Arthur Kaliyev in Aces zone.
6:16 of 3rd period - Shot by Ryan McLeod.
6:16 of 3rd period - Shot Misses the Net.
6:52 of 3rd period - Shot by Kirill Kaprizov.
6:52 of 3rd period - Shot Misses the Net.
6:56 of 3rd period - Shot by Kirill Kaprizov.
6:56 of 3rd period - Shot Blocked by Arthur Kaliyev.
7:14 of 3rd period - Shot by Kirill Kaprizov.
7:14 of 3rd period - Goal by Kirill Kaprizov - Aces : 2 - Shitbirds : 3.
7:15 of 3rd period - Carter Verhaeghe wins face-off versus Matthew Boldy in neutral zone.
7:18 of 3rd period - Shot by Jordan Kyrou.
7:18 of 3rd period - Stopped by Igor Shesterkin without a rebound.
7:19 of 3rd period - Roope Hintz wins face-off versus Jordan Kyrou in Shitbirds zone.
7:19 of 3rd period - Hampus Lindholm is hit by Carter Verhaeghe.
7:26 of 3rd period - Shot by Nick Leddy.
7:26 of 3rd period - Stopped by Igor Shesterkin without a rebound.
7:27 of 3rd period - Roope Hintz wins face-off versus Robby Fabbri in Shitbirds zone.
8:15 of 3rd period - Icing by Nick Leddy.
8:16 of 3rd period - Dylan Larkin wins face-off versus Robby Fabbri in Aces zone.
8:35 of 3rd period - Vladislav Gavrikov is hit by Charlie Coyle and loses puck.
8:42 of 3rd period - Shot by Carter Verhaeghe.
8:42 of 3rd period - Stopped by Igor Shesterkin without a rebound.
8:43 of 3rd period - Ross Colton wins face-off versus Logan Couture in Shitbirds zone.
9:58 of 3rd period - Shot by Clayton Keller.
9:58 of 3rd period - Stopped by Igor Shesterkin with a rebound.
10:12 of 3rd period - Shot by Kirill Kaprizov.
10:12 of 3rd period - Deflect By Dylan Larkin.
10:12 of 3rd period - Shot Misses the Net.
10:16 of 3rd period - Shot by Dylan Larkin.
10:16 of 3rd period - Stopped by Carter Hart without a rebound.
10:17 of 3rd period - Carter Verhaeghe wins face-off versus Jason Robertson in Aces zone.
10:35 of 3rd period - Roope Hintz is hit by Nick Leddy and loses puck.
11:28 of 3rd period - Dante Fabbro is hit by Victor Hedman.
12:22 of 3rd period - Shot by Troy Terry.
12:22 of 3rd period - Shot Blocked by Lee Mack.
12:47 of 3rd period - Off-side.
12:48 of 3rd period - Logan Couture wins face-off versus Arthur Kaliyev in neutral zone.
13:20 of 3rd period - Icing by Logan Couture.
13:21 of 3rd period - Seth Jarvis wins face-off versus Paul Stastny in Shitbirds zone.
13:47 of 3rd period - Off-side.
13:48 of 3rd period - Dylan Larkin wins face-off versus Carter Verhaeghe in neutral zone.
13:56 of 3rd period - Icing by Dante Fabbro.
13:57 of 3rd period - Dylan Larkin wins face-off versus Carter Verhaeghe in Aces zone.
14:16 of 3rd period - Victor Hedman is hit by Charlie Coyle and loses puck.
15:21 of 3rd period - Shot by Jack Hughes.
15:21 of 3rd period - Stopped by Igor Shesterkin with a rebound.
15:46 of 3rd period - Thomas Chabot is hit by Vladislav Gavrikov and loses puck.
16:11 of 3rd period - Shot by Logan Couture.
16:11 of 3rd period - Deflect By Oliver Bjorkstrand.
16:11 of 3rd period - Stopped by Carter Hart with a rebound.
16:13 of 3rd period - Shot by Logan Couture.
16:13 of 3rd period - Stopped by Carter Hart without a rebound.
16:14 of 3rd period - Carter Verhaeghe wins face-off versus Oliver Bjorkstrand in Aces zone.
16:25 of 3rd period - Shot by Oliver Bjorkstrand.
16:25 of 3rd period - Shot Misses the Net.
16:40 of 3rd period - Icing by Hampus Lindholm.
16:41 of 3rd period - Ross Colton wins face-off versus Logan Couture in Shitbirds zone.
16:41 of 3rd period - Ross Colton is hit by Hampus Lindholm.
16:52 of 3rd period - Anthony Beauvillier is hit by Kaiden Guhle and loses puck.
16:55 of 3rd period - Shot by Anthony Beauvillier.
16:55 of 3rd period - Stopped by Igor Shesterkin without a rebound.
16:56 of 3rd period - Robby Fabbri wins face-off versus Dylan Larkin in Shitbirds zone.
18:44 of 3rd period - Off-side.
18:45 of 3rd period - Roope Hintz wins face-off versus Carter Verhaeghe in neutral zone.
18:48 of 3rd period - Nick Leddy is hit by Matthew Boldy and loses puck.
19:03 of 3rd period - Shot by Roope Hintz.
19:03 of 3rd period - Stopped by Carter Hart without a rebound.
19:04 of 3rd period - Arthur Kaliyev wins face-off versus Charlie McAvoy in Aces zone.
19:09 of 3rd period - Aces, Carter Hart is pulled from the net.
19:39 of 3rd period - Shot by Erik Cernak.
19:39 of 3rd period - Stopped by Igor Shesterkin without a rebound.
19:40 of 3rd period - Logan Couture wins face-off versus Paul Stastny in Shitbirds zone.
19:49 of 3rd period - Shot by Logan Couture.
19:49 of 3rd period - Shot Misses the Net.
Goals for this period are 0 for Aces vs 1 for Shitbirds.
Shots for this period are 10 for Aces vs 9 for Shitbirds.